Map: Mech Depot LE

Players

Boo

  • Race: Zerg Zerg
  • Spawn Location: 7:00

JonSnow - Winner!

  • Race: Zerg Zerg
  • Spawn Location: 1:00

Event: WCS Montreal 2017

VOD

Have the link to the VOD?

Description

Time

  • Played on: Sept. 8, 2017, 11:29 a.m.
  • Length: 7:34

All games in this series

Show
View Real Time Build Order
Export as new Build Order

Boo Zerg 

Build Orders: Hatch First 

Get SALT Encoding   

  12  0:00  Drone  
  13  0:12  Overlord  
  13  0:18  Drone  
  14  0:31  Drone x2  
  14  0:35  Drone  
  17  0:52  Hatchery  
  17  0:56  Drone  
  17  0:59  Drone  
  17  1:02  Extractor  
  17  1:15  Spawning Pool  
  17  1:18  Drone  
  17  1:22  Drone  
  18  1:28  Drone  
  19  1:39  Overlord  
  19  1:50  Drone  
  20  2:02  Queen  
  20  2:04  Queen  
  20  2:05  Zergling x4  
  26  2:12  Metabolic Boost  
  26  2:16  Drone  
  27  2:24  Baneling Nest  
  27  2:26  Drone  
  27  2:27  Drone  
  28  2:35  Drone x2  
  30  2:54  Hatchery  
  30  2:58  Zergling x4  
  31  3:06  Drone x3  
  31  3:10  Drone  
  35  3:14  Overlord  
  35  3:22  Drone  
  35  3:25  Overlord  
  36  3:32  Zergling x2  
  36  3:33  Zergling x6  
  40  3:39  Drone x2  
  42  3:41  Drone  
  42  3:47  Drone  
  42  3:48  Roach Warren  
  43  3:52  Drone  
  44  4:03  Drone x5  
  44  4:07  Queen  
  44  4:08  Drone  
  51  4:17  Lair  
  51  4:22  Extractor  
  51  4:23  Extractor  
  49  4:29  Roach x3  
  49  4:31  Baneling x4  
  55  4:33  Overlord  
  55  4:34  Drone x2  
  57  4:39  Overlord  
  56  4:58  Overlord x2  
  52  5:23  Zergling x8  
  52  5:24  Zergling x16  
  52  5:27  Baneling x3  
  55  5:36  Roach x6  
  55  5:37  Roach x2  
  65  5:51  Drone x4  
  65  5:52  Queen  
  65  5:54  Queen  
  73  5:57  Glial Reconstitution  
  73  6:03  Overlord x2, Evolution Chamber  
  72  6:10  Overlord  
  72  6:11  Overlord  
  72  6:12  Overseer  
  67  6:33  Roach x5  
  67  6:39  Roach x2  
  82  6:40  Roach x3  
  83  6:49  Queen, Drone x4  
  83  6:53  Queen  
  79  6:57  Queen  
  77  7:02  Spore Crawler  
  77  7:04  Spore Crawler  
  77  7:06  Spore Crawler  
  74  7:11  Roach x2  
Show
View Real Time Build Order
Export as new Build Order

JonSnow Zerg - Winner!

Build Orders: Hatch First 

Get SALT Encoding   

  12  0:03  Drone  
  13  0:15  Overlord  
  13  0:17  Drone  
  14  0:34  Drone x2  
  16  0:37  Drone  
  17  0:55  Hatchery  
  17  0:56  Drone  
  17  1:00  Drone  
  18  1:08  Extractor  
  17  1:15  Spawning Pool  
  16  1:19  Drone  
  16  1:22  Drone  
  18  1:35  Drone  
  19  1:42  Drone  
  20  2:04  Queen  
  20  2:07  Zergling x6  
  20  2:08  Queen  
  27  2:10  Metabolic Boost  
  27  2:13  Overlord  
  27  2:19  Drone  
  28  2:33  Drone  
  28  2:34  Drone  
  28  2:36  Drone  
  31  2:39  Drone  
  32  2:45  Drone  
  33  2:55  Drone  
  33  2:57  Drone  
  35  2:59  Hatchery  
  35  3:03  Overlord  
  34  3:13  Drone x2  
  34  3:18  Baneling Nest, Zergling x2  
  36  3:20  Overlord  
  36  3:28  Drone  
  36  3:29  Drone x4  
  41  3:34  Lair  
  41  3:38  Zergling x4  
  43  3:45  Extractor, Zergling x2  
  43  3:47  Zergling x4  
  45  3:49  Zergling x4  
  45  3:55  Zergling x6  
  50  4:02  Zergling x4  
  52  4:03  Baneling  
  52  4:04  Baneling  
  52  4:06  Baneling  
  52  4:07  Baneling x3  
  52  4:11  Drone x2  
  52  4:12  Drone  
  52  4:14  Extractor  
  54  4:21  Drone x2  
  54  4:22  Drone x2  
  58  4:33  Overlord  
  58  4:39  Overlord  
  58  4:40  Extractor  
  55  4:56  Spire, Drone x8  
  62  5:05  Drone  
  63  5:11  Baneling  
  59  5:29  Drone x5  
  61  5:36  Overlord  
  61  5:40  Queen  
  61  5:41  Spine Crawler  
  62  5:46  Zergling x2  
  62  5:47  Zergling x14  
  68  6:00  Baneling  
  68  6:03  Overlord x2  
  68  6:05  Spine Crawler  
  68  6:08  Mutalisk x7  
  81  6:11  Baneling x2  
  81  6:14  Spine Crawler  
  81  6:15  Spine Crawler, Drone  
  80  6:18  Mutalisk  
  81  6:26  Zergling x12  
  81  6:30  Mutalisk  
  88  6:38  Mutalisk  
  90  6:41  Zergling x10  
  94  6:47  Mutalisk  
  94  6:52  Drone x2  
  94  6:53  Drone  
  98  7:01  Overlord x2  
  98  7:14  Evolution Chamber  
Tags
 
Add a new tag
Caveats
  • Supply blocks, unpowered buildings, or Contaminate may cause inaccurate times.
  • Supply counts are checked every 10 seconds.